 Dungeon Crawl Stone Soup version 0.29-a0-887-gcbe080d7e0 (webtiles) character file.

Game seed: 611261756391901131

107678 wilfster70 the Fencer (level 16, 0/150 HPs)
             Began as a Grey Draconian Ice Elementalist on July 21, 2022.
             Was a High Priest of Ashenzari.
             Slain by an ettin
             ... wielding a +0 dire flail
              (19 damage)
             ... on level 1 of the Orcish Mines.
             The game lasted 01:28:14 (32422 turns).

wilfster70 the Fencer (DrIE)                       Turns: 32422, Time: 01:28:14

Health: 0/150      AC: 34    Str: 12    XL:     16   Next: 0%
Magic:  17/42      EV: 20    Int: 22    God:    Ashenzari [*****.]
Gold:   1534       SH:  5    Dex: 12    Spells: 14/41 levels left

rFire   . . .      SeeInvis +   a - +2 Maxwell's thermic engine {flame, freeze, Melee, Elem} (curse)
rCold   . . .      Faith    .   (no shield)
rNeg    . . .      Spirit   .   (body armour unavailable)
rPois   .          Reflect  +   q - +2 hat "Overhang to Understand" {Self, Comp} (curse)
rElec   .          Harm     .   L - +2 cloak of Ashenzari's Omission {Comp, Self} (curse)
rCorr   .          Rampage  .   e - +2 pair of gloves of the Cursed God {Fort, Self} (curse)
Will    +....      Clarity  +   y - +2 pair of boots "Shackled Stickiness" {Evo, Self} (curse)
Stlth   ++........              E - amulet of the Mantic Comet {Reflect SH+5, Alch, Fort} (curse)
HPRegen 0.35/turn               k - ring of Supernal Gnosis {MP+9, Comp, Bglg} (curse)
MPRegen 0.28/turn               m - ring "Negligence of Ashenzari" {EV+4, Fort, Cun} (curse)

@: ice-armoured, freezing walls, studying 2 skills
A: AC +14, amphibious, unfitting armour, cold-blooded
a: Renounce Religion, Curse Item, Shatter the Chains


You were on level 1 of the Orcish Mines.
You worshipped Ashenzari.
Ashenzari was extremely pleased with you.
You visited 4 branches of the dungeon, and saw 23 of its levels.

You collected 4166 gold pieces.
You spent 2632 gold pieces at shops.

Inventory:

Hand Weapons
 a - the cursed +2 Maxwell's thermic engine (weapon) {flame, freeze, Melee, Elem}
   (You bought it in a shop on level 1 of the Dungeon)

   It burns those it strikes, dealing additional fire damage.
   Big, fiery blades are also staple armaments of hydra-hunters.
   It freezes those it strikes, dealing additional cold damage.
   It can also slow down cold-blooded creatures.
   It becomes more effective when it hits something.
   This effect fades over time.
   It has a curse which improves the following skills: Melee Combat: Short
   Blades, Long Blades, Axes, Maces & Flails, Polearms, Staves and Unarmed
   Combat.
   Elements:  Fire Magic, Ice Magic, Air Magic and Earth Magic.
 b - a +3 vorpal sling
Missiles
 t - 3 throwing nets
Armour
 e - the cursed +2 pair of gloves of the Cursed God (worn) {Fort, Self}
   (You found it on level 1 of the Dungeon)

   It has a curse which improves the following skills: Fortitude: Shields.
   Introspection: Fighting and Spellcasting.
 q - the cursed +2 hat "Overhang to Understand" (worn) {Self, Comp}
   (You found it on level 4 of the Dungeon)

   It has a curse which improves the following skills: Introspection: Fighting
   and Spellcasting.
   Companions: Summonings and Necromancy.
 y - the cursed +2 pair of boots "Shackled Stickiness" (worn) {Evo, Self}
   (You found it on level 8 of the Dungeon)

   It has a curse which improves the following skills: Evocations: Evocations.
   Introspection: Fighting and Spellcasting.
 L - the cursed +2 cloak of Ashenzari's Omission (worn) {Comp, Self}
   (You found it on level 1 of the Lair of Beasts)

   It has a curse which improves the following skills: Companions: Summonings
   and Necromancy.
   Introspection: Fighting and Spellcasting.
 R - an orb of energy
Jewellery
 k - the cursed ring of Supernal Gnosis (left hand) {MP+9, Comp, Bglg}
   (You found it on level 3 of the Dungeon)

   [ring of magical power]

   MP:        It affects your magic capacity (+9).
   It has a curse which improves the following skills: Companions: Summonings
   and Necromancy.
   Beguiling: Conjurations, Hexes and Translocations.
 m - the cursed ring "Negligence of Ashenzari" (right hand) {EV+4, Fort, Cun}
   (You found it on level 3 of the Dungeon)

   [ring of evasion]

   EV:        It affects your evasion (+4).
   It has a curse which improves the following skills: Fortitude: Shields.
   Cunning:   Dodging and Stealth.
 s - a ring of poison resistance
 x - a ring of protection from fire
 E - the cursed amulet of the Mantic Comet (around neck) {Reflect SH+5, Alch, Fort}
   (You found it on level 2 of the Lair of Beasts)

   [amulet of reflection]

   It reflects blocked missile attacks.
   SH:        It affects your SH (+5).
   It has a curse which improves the following skills: Alchemy: Poison Magic and
   Transmutations.
   Fortitude: Shields.
 O - a ring of protection from cold
 S - a +4 ring of evasion
 T - the ring "Inaish" {Fly rC+ Int+3 Dex-4 Slay+3}
   (You bought it in a shop on level 1 of the Orcish Mines)

   [ring of flight]

   Int:       It affects your intelligence (+3).
   Dex:       It affects your dexterity (-4).
   Slay:      It affects your accuracy & damage with ranged weapons and melee
   (+3).
   rC:        It protects you from cold.
   Fly:       It grants you flight.
Wands
 j - a wand of flame (73)
 l - a wand of iceblast (30)
 u - a wand of polymorph (7)
 B - a wand of charming (4)
 F - a wand of mindburst (6)
 M - a wand of digging (10)
 N - a wand of acid (12)
Scrolls
 i - 8 scrolls of amnesia
 n - 3 scrolls of fear
 o - 8 scrolls of teleportation
 v - 2 scrolls of summoning
 w - 2 scrolls of butterflies
 G - 5 scrolls of silence
 H - 4 scrolls of blinking
Potions
 c - 4 potions of haste
 d - 3 potions of magic
 f - 3 potions of resistance
 g - a potion of berserk rage
 h - 7 potions of mutation
 p - 12 potions of curing
 z - a potion of heal wounds
 A - 6 potions of flight
 C - 5 potions of lignification
 D - 3 potions of invisibility
 I - 3 potions of might
 J - 2 potions of cancellation
 K - 3 potions of brilliance
Miscellaneous
 r - a condenser vane
 P - a phantom mirror


   Skills:
 + Level 10.2(15.6) Fighting
 - Level 16.0(18.1) Long Blades
 - Level 4.0 Ranged Weapons
 - Level 7.6(10.0) Dodging
 - Level 1.7(3.4) Stealth
 - Level 7.7(13.1) Spellcasting
 - Level 10.3(12.6) Conjurations
 - Level 5.7(8.0) Hexes
 - Level 4.0(8.0) Summonings
 - Level 7.1(11.6) Necromancy
 - Level 6.0(8.3) Ice Magic
 - Level 3.6(5.7) Air Magic
 - Level 8.0(10.3) Earth Magic
 - Level 12.7(15.0) Evocations


You had 14 spell levels left.
You knew the following spells:

 Your Spells              Type           Power      Damage    Failure   Level
a - Borgnjor's Vile Clut  Necr/Erth      29%        N/A       1%          5
b - Frozen Ramparts       Ice            100%       1d12      1%          3
c - Ozocubu's Armour      Ice            50%        N/A       1%          3
d - Magic Dart            Conj           100%       1d8       1%          1
e - Iron Shot             Conj/Erth      30%        9d6       6%          6
f - Summon Mana Viper     Hex/Summ       49%        N/A       4%          5
g - Summon Lightning Spi  Summ/Air       44%        N/A       2%          4

Your spell library contained the following spells:

 Spells                   Type           Power      Damage    Failure   Level
 Freeze                   Ice            100%       1d11      1%          1
 Sandblast                Erth           100%       2d20      1%          1
 Slow                     Hex            100%       N/A       1%          1
 Passwall                 Tmut/Erth      30%        N/A       1%          2
 Searing Ray              Conj           100%       2d8       1%          2
 Confusing Touch          Hex            49%        N/A       1%          3
 Stone Arrow              Conj/Erth      100%       3d13      1%          3
 Vampiric Draining        Necr           60%        2d10      1%          3
 Animate Dead             Necr           60%        N/A       1%          4
 Cause Fear               Hex            24%        N/A       1%          4
 Fulminant Prism          Conj/Hex       28%        3d14      1%          4
 Hailstorm                Conj/Ice       57%        3d12      1%          4
 Summon Ice Beast         Ice/Summ       50%        N/A       1%          4
 Inner Flame              Hex/Fire       32%        N/A       2%          3
 Lightning Bolt           Conj/Air       26%        1d42      2%          5
 Beastly Appendage        Tmut           30%        N/A       4%          1
 Airstrike                Air            19%        0-7+      4%          4
 Wereblood                Tmut           15%        N/A       6%          2
 Ice Form                 Ice/Tmut       33%        N/A       8%          4
 Fireball                 Conj/Fire      21%        3d10      9%          5
 Simulacrum               Ice/Necr       27%        N/A       11%         6
 Gell's Gravitas          Tloc           15%        N/A       12%         3
 Lesser Beckoning         Tloc           15%        N/A       12%         3
 Spider Form              Tmut/Pois      15%        N/A       12%         3
 Teleport Other           Tloc           15%        N/A       12%         3
 Starburst                Conj/Fire      21%        6d7       43%         6
 Haunt                    Necr/Summ      27%        N/A       54%         7
 Alistair's Intoxication  Tmut/Pois      10%        N/A       73%         5
 Blade Hands              Tmut           7%         N/A       73%         5
 Ozocubu's Refrigeration  Ice            25%        4d10      77%         7
 Monstrous Menagerie      Summ           24%        N/A       80%         7
 Borgnjor's Revivificati  Necr           30%        N/A       94%         8
 Infestation              Necr           30%        N/A       94%         8
 Eringya's Noxious Bog    Tmut/Pois      7%         N/A       99%         6
 Discord                  Hex            24%        N/A       100%        8
 Ignition                 Fire           7%         3d5       100%        8
 Necromutation            Tmut/Necr      20%        N/A       100%        8
 Death's Door             Necr           30%        N/A       100%        9
 Animate Armour           Summ/Erth      Unusable   N/A       N/A         4

Dungeon Overview and Level Annotations

Branches:
Dungeon (15/15)            Temple (1/1) D:6            Lair (5/5) D:9
 Shoals (0/4) Lair:2        Snake (0/4) Lair:3        Slime (0/5) Lair:5
    Orc (2/2) D:11         Vaults (0/5) D:13         Depths (0/4) D:15
    Elf: Orc:2

Altars:
Ashenzari
Cheibriados
Dithmenos
Elyvilon
Fedhas
Gozag
Hepliaklqana
Kikubaaqudgha
Makhleb
Nemelex Xobeh
Okawaru
Qazlal
Ru
Sif Muna
Trog
Uskayaw
Vehumet
Wu Jian
Xom
Yredelemnul
Zin
The Shining One

Shops:
D:1 (*   D:5 *   D:8 !   D:10 (   Orc:1 =([*?

Annotations:
D:11 1 runed translucent door
Lair:5 Paur's ghost, journeyman GnWr
Orc:1 1 transporter


Innate Abilities, Weirdness & Mutations

Your dull iron-grey scales are very hard. (AC +14)
You are amphibious.
You cannot fit into any form of body armour.
You are cold-blooded and may be slowed by cold attacks.


Message History

The two-headed ogre is almost dead.
The zombie hands constrict the orc warlord!
The zombie hands constrict the two-headed ogre!
You kill the two-headed ogre!
The zombie hands constrict the orc sorcerer.
The zombie hands release their grip on the orc warlord.
The wall freezes the orc warlord!
The orc warlord hits you from afar with a +0 glaive!!
* * * LOW HITPOINT WARNING * * *
Your icy armour and frozen ramparts will break if you move.
Continue?
Your icy armour cracks and falls away as you move.
The frozen ramparts melt away as you move.
The zombie hands constrict the orc sorcerer.
The orc sorcerer struggles to escape constriction.
There is a transporter landing site here.
Aiming: Corrosive Bolt
Press: ? - help, Shift-Dir - straight line, f/p - orc sorcerer
Aim: an orc sorcerer, wielding a +0 dagger and wearing a +2 robe (almost dead, strong, constricted by zombie hands, 100% to hit)
The bolt of acid hits the orc warlord!!
The acid corrodes the orc warlord!
You kill the orc warlord!
The bolt of acid hits the ettin!!
The ettin is heavily wounded.
The bolt of acid hits the orc sorcerer!!
The acid corrodes the orc sorcerer!
You kill the orc sorcerer!
Your base Fighting skill increases to level 10!
You have reached level 16!
You feel agile.
Casting: Borgnjor's Vile Clutch (mildly dangerous; 1% risk of failure)
Confirm with . or Enter, or press ? or * to list all spells.
A film of ice covers your body!
Casting: Ozocubu's Armour (safe; 1% risk of failure)
Confirm with . or Enter, or press ? or * to list all spells.
Casting: Frozen Ramparts (safe; 1% risk of failure)
Press: ? - help, Dir - look around, f - activate A transporter landing site.
The walls around you are covered in ice.
The wall freezes the ettin.
The ettin misses you.
The ettin hits you with a +0 dire flail!!
You die...

####..## ###.....
*###########.....
##.........##..... #...##
##..o#.....
######....#.#$...#...##
#####.#)#.......#.#..^..
######.#.##.8.8.##o#.....
#######.©#@#:.._..o#o#©....
#######...#C##.8.8.##.#.....
######....#o#o......#o#...).
##.#..#...#)o..#.#....#.....
#.........#)).#####o.$#.>...
#.##...##.##.........##.....
###.....#..###########......
##..........................
#.†.∩.....∩#.#.#....#......


You could see an ettin, an orc warrior (strong) and 2 orc wizards.

Vanquished Creatures
  Kirke (Lair:3)
  Gastronok (D:11)
  An orc warlord (Orc:1)
  Azrael (D:14)
  2 fire dragons (Lair:5)
  9 hydras
  8 boulder beetles
  A rakshasa (D:13)
  An ogre mage (D:11)
  4 two-headed ogres
  7 centaur warriors
  A tengu warrior (D:14)
  12 death yaks
  A vampire mage (D:15)
  An orc high priest (Orc:1)
  Sonja (Lair:3)
  10 skeletal warriors
  2 golden dragon zombies (D:15)
  A swamp dragon (Lair:5)
  Pikel (D:5)
  2 lindwurms (Lair:5)
  A wizard (D:15)
  An orc knight (Orc:1)
  2 necromancers
  5 deep elf pyromancers
  2 orc sorcerers (Orc:1)
  5 slime creatures
  11 cyclopes
  7 manticores
  A frost giant skeleton (D:15)
  17 ugly things
  4 black mambas
  3 merfolk sirens (Lair:2)
  5 torpor snails (Lair:5)
  Joseph (D:7)
  19 elephants
  An unseen horror (shapeshifter) (D:11)
  6 komodo dragons
  3 efreet (D:11)
  8 rime drakes
  10 cane toads
  2 ice devils (Lair:1)
  2 burning bushes (Lair:5)
  3 tyrant leeches (Lair:5)
  A merfolk (Lair:2)
  12 trolls
  8 hornets
  A polar bear (Lair:4)
  7 dream sheep (Lair:5)
  7 blink frogs
  A spriggan zombie (D:15)
  Grinder (D:5)
  2 vampires
  2 shadows (D:11)
  3 wraiths
  24 yaks
  10 wyverns
  A golden eye (shapeshifter) (D:14)
  A spriggan (shapeshifter) (D:15)
  2 fire elementals (D:14)
  10 basilisks
  8 vampire mosquitoes
  3 hogs (Lair:3)
  Edmund (D:6)
  4 steam dragons
  3 swamp worms (Lair:2)
  A warg (Orc:2)
  4 acid dragons
  3 hell hounds (D:14)
  17 water moccasins
  Duvessa (D:7)
  A black bear (D:5)
  2 sky beasts
  18 orc warriors
  2 swamp drakes (Lair:5)
  5 ogres
  19 centaurs
  A phantom (D:7)
  3 lemures (D:5)
  3 kobold brigands
  2 scorpions
  17 bullfrogs
  2 gnoll sergeants
  2 necrophages (D:6)
  11 wights
  Dowan (D:7)
  5 killer bees (D:7)
  3 vampire bats
  An electric eel (Lair:2)
  4 howler monkeys
  3 hounds
  10 orc priests
  A jelly (D:5)
  2 gnoll boudas (D:7)
  10 iguanas
  Natasha (thrice) (D:4)
  Ijyb (D:5)
  19 orc wizards
  Terence (D:2)
  18 gnolls
  3 adders
  2 white imps
  2 ufetubi
  6 dart slugs
  3 fire bats (D:4)
  A worm (D:2)
  61 orcs
  2 spectral bats (D:4)
  4 ball pythons
  16 bats
  6 bat skeletons
  3 bat zombies
  7 endoplasms
  4 giant cockroaches
  12 goblins
  10 hobgoblins
  A jackal (D:9)
  29 kobolds
  4 quokkas
  A bat simulacrum (D:4)
  6 frilled lizards
  2 rats
680 creatures vanquished.

Vanquished Creatures (collateral kills)
  A slime creature (D:15)
1 creature vanquished.

Vanquished Creatures (others)
  An ugly thing (D:11)
  A human (Lair:3)
  An orc (D:11)
  3 bushes
  30 fungi
  92 plants
  8 withered plants (D:15)
136 creatures vanquished.

Grand Total: 817 creatures vanquished

Notes
Turn   | Place    | Note
-------+----------+-------------------------------------------
     0 | D:1      | wilfster70 the Draconian Ice Elementalist began the quest
                  | for the Orb.
     0 | D:1      | Reached XP level 1. HP: 14/14 MP: 3/3
   116 | D:1      | Found Roohechyary's Assorted Antiques.
   175 | D:1      | Reached XP level 2. HP: 19/20 MP: 1/5
   382 | D:1      | Found Wuellismo's Weapon Emporium.
  1491 | D:1      | Reached XP level 3. HP: 20/26 MP: 3/6
  1591 | D:1      | Learned a level 3 spell: Frozen Ramparts
  1595 | D:1      | Learned a level 3 spell: Ozocubu's Armour
  1732 | D:2      | Noticed Terence
  1746 | D:2      | Killed Terence
  1747 | D:2      | Reached skill level 5 in Ice Magic
  2168 | D:2      | Found a faded altar of an unknown god.
  2303 | D:2      | Reached XP level 4. HP: 30/33 MP: 4/8
  3405 | D:3      | Found a hazy altar of Hepliaklqana.
  4045 | D:3      | Reached XP level 5. HP: 7/38 MP: 9/9
  4946 | D:4      | Reached XP level 6. HP: 45/45 MP: 12/12
  4960 | D:4      | Noticed Natasha
  4963 | D:4      | Killed Natasha
  5331 | D:4      | Noticed Natasha
  5338 | D:4      | Killed Natasha
  5339 | D:4      | Reached skill level 5 in Spellcasting
  5435 | D:5      | Entered Level 5 of the Dungeon
  5701 | D:4      | Noticed Natasha
  5707 | D:4      | Killed Natasha
  5781 | D:5      | Found a snail-covered altar of Cheibriados.
  5828 | D:5      | Found Vyschoun's General Store.
  5949 | D:5      | Your scales start taking on a dull iron-grey colour.
  5949 | D:5      | Reached XP level 7. HP: 45/50 MP: 15/15
  5973 | D:5      | Noticed Ijyb
  5980 | D:5      | Killed Ijyb
  5981 | D:5      | Reached skill level 1 in Ranged Weapons
  6022 | D:5      | Found a bloodstained altar of Trog.
  6187 | D:5      | Identified the +4 dagger of Courage {vorpal, Fragile +Blink
                  | rF+ rCorr}
  6544 | D:5      | Noticed Pikel
  6558 | D:5      | Killed Pikel
  6559 | D:5      | Reached skill level 5 in Fighting
  6559 | D:5      | Reached XP level 8. HP: 67/68 MP: 17/17
  6775 | D:5      | Noticed Grinder
  6789 | D:5      | Paralysed by Grinder for 3 turns
  6824 | D:5      | Killed Grinder
  7338 | D:6      | Reached XP level 9. HP: 71/82 MP: 18/18
  7358 | D:6      | Learned a level 5 spell: Borgnjor's Vile Clutch
  7555 | D:6      | Found an opulent altar of Gozag.
  7630 | D:6      | Reached skill level 1 in Earth Magic
  7742 | D:6      | Reached skill level 1 in Necromancy
  7790 | D:6      | Noticed Edmund
  7806 | D:6      | Killed Edmund
  7924 | D:6      | Found a staircase to the Ecumenical Temple.
  7953 | Temple   | Entered the Ecumenical Temple
  8221 | Temple   | Became a worshipper of Ashenzari the Shackled
  9033 | D:7      | Noticed Dowan
  9034 | D:7      | Noticed Duvessa
  9069 | D:7      | Killed Dowan
  9080 | D:7      | Killed Duvessa
  9494 | D:7      | Noticed Joseph
  9567 | D:7      | Reached skill level 5 in Earth Magic
  9651 | D:7      | Reached XP level 10. HP: 47/85 MP: 21/21
  9877 | D:7      | Found a white marble altar of Elyvilon.
 10020 | D:7      | Killed Joseph
 10541 | D:8      | Reached skill level 5 in Necromancy
 10624 | D:8      | Found Hoprosso's Distillery.
 11690 | D:8      | Noticed a seven-headed hydra
 11691 | D:8      | Noticed a centaur warrior
 11705 | D:8      | Killed a seven-headed hydra
 11706 | D:8      | Reached skill level 2 in Long Blades
 11877 | D:8      | Killed a centaur warrior
 11894 | D:8      | Reached skill level 3 in Long Blades
 12048 | D:8      | Reached * piety under Ashenzari
 12181 | D:9      | Found a sacrificial altar of Ru.
 12238 | D:9      | Reached skill level 4 in Long Blades
 12559 | D:9      | Noticed a cyclops
 12662 | D:9      | Reached skill level 5 in Long Blades
 12662 | D:9      | Reached XP level 11. HP: 69/99 MP: 24/24
 13090 | D:9      | Reached skill level 6 in Long Blades
 13328 | D:9      | Noticed a deep elf pyromancer
 13696 | D:9      | Reached ** piety under Ashenzari
 13838 | D:9      | Killed a deep elf pyromancer
 13839 | D:9      | Reached skill level 7 in Long Blades
 14188 | D:9      | Found a shadowy altar of Dithmenos.
 14188 | D:9      | Found a glowing golden altar of the Shining One.
 14230 | D:9      | Found a staircase to the Lair.
 14442 | D:10     | Entered Level 10 of the Dungeon
 14557 | D:10     | Reached *** piety under Ashenzari
 14709 | D:10     | Noticed a deep elf pyromancer
 14716 | D:10     | Killed a deep elf pyromancer
 14717 | D:10     | Reached skill level 8 in Long Blades
 15090 | D:10     | Identified the +8 spear of Annoyance {vamp, Will- Int+5}
 15296 | D:1      | Bought the +2 Maxwell's thermic engine {flame, freeze} for
                  | 528 gold pieces
 15296 | D:1      | Found the +2 Maxwell's thermic engine {flame, freeze}
 15476 | D:10     | Found Leju's Antique Weapon Shoppe.
 15777 | Lair:1   | Entered Level 1 of the Lair of Beasts
 15808 | Lair:1   | Reached skill level 9 in Long Blades
 15991 | Lair:1   | Identified a scroll of acquirement
 16010 | Lair:1   | Acquired 1030 gold pieces
 16115 | Lair:1   | Found a frozen archway.
 16201 | Lair:1   | Reached skill level 10 in Long Blades
 17086 | Lair:1   | Reached XP level 12. HP: 110/110 MP: 27/27
 17105 | Lair:2   | Noticed a boulder beetle
 17114 | Lair:1   | Reached skill level 11 in Long Blades
 17676 | Lair:2   | Found a staircase to the Shoals.
 17699 | Lair:2   | Reached skill level 12 in Long Blades
 18161 | Lair:2   | Reached **** piety under Ashenzari
 18182 | Lair:2   | Noticed a four-headed hydra
 18193 | Lair:2   | Killed a one-headed hydra
 18194 | Lair:2   | Reached skill level 13 in Long Blades
 18393 | Lair:2   | Killed a boulder beetle
 18516 | Lair:2   | Acquired 941 gold pieces
 18934 | Lair:3   | Noticed a death yak
 18934 | Lair:3   | Noticed a death yak
 18934 | Lair:3   | Noticed Sonja
 18934 | Lair:3   | Noticed a death yak
 18935 | Lair:3   | Noticed a death yak
 18936 | Lair:3   | Noticed a death yak
 19101 | Lair:3   | Killed Sonja
 19168 | Lair:3   | Reached ***** piety under Ashenzari
 19210 | Lair:3   | Learned a level 1 spell: Magic Dart
 19229 | Lair:3   | Reached skill level 14 in Long Blades
 19303 | Lair:3   | Noticed Kirke
 19319 | Lair:3   | Killed Kirke
 19436 | Lair:3   | Reached XP level 13. HP: 119/123 MP: 30/30
 19452 | Lair:3   | Reached skill level 15 in Long Blades
 19824 | Lair:3   | Reached skill level 16 in Long Blades
 19824 | Lair:3   | Reached skill level 1 in Conjurations
 19852 | Lair:3   | Learned a level 6 spell: Iron Shot
 19982 | Lair:3   | Identified the +1 robe of a volcano {rF+}
 20022 | Lair:3   | Found a staircase to the Snake Pit.
 20511 | Lair:4   | Reached skill level 5 in Conjurations
 20817 | Lair:4   | Identified the amulet "Xyete" {Reflect SH+5 Stlth+}
 21352 | Lair:5   | Entered Level 5 of the Lair of Beasts
 21528 | Lair:4   | Learned a level 5 spell: Summon Mana Viper
 21804 | Lair:5   | Reached skill level 1 in Summonings
 21810 | Lair:5   | Reached skill level 1 in Hexes
 22133 | Lair:5   | Reached XP level 14. HP: 114/130 MP: 30/31
 22226 | Lair:5   | Found a runed translucent door.
 22231 | Lair:5   | Noticed Paur's ghost (journeyman GnWr)
 22548 | Lair:5   | Found a staircase to the Slime Pits.
 23372 | Lair:5   | Reached skill level 5 in Dodging
 23441 | Lair:5   | Found a runed translucent door.
 24610 | D:11     | Found a runed translucent door.
 24814 | D:11     | Found a staircase to the Orcish Mines.
 24817 | D:11     | Noticed Gastronok
 24857 | D:11     | Killed Gastronok
 25139 | D:11     | Found a runed translucent door.
 25139 | D:11     | Found a runed translucent door.
 25649 | D:11     | Reached skill level 5 in Hexes
 26735 | D:12     | Reached XP level 15. HP: 125/137 MP: 32/32
 26769 | D:12     | Reached skill level 10 in Conjurations
 26973 | D:12     | Identified Sif Muna's Catalogue of Transfiguration
 26994 | D:12     | Found a shimmering blue altar of Sif Muna.
 27428 | D:13     | Found Qiquna's Vocational Training.
 27450 | D:13     | Bought a manual of Evocations for 800 gold pieces
 27450 | D:13     | Bought a manual of Invocations for 800 gold pieces
 27728 | D:13     | Reached skill level 5 in Evocations
 27907 | D:13     | Found a gate to the Vaults.
 28176 | D:13     | Learned a level 4 spell: Summon Lightning Spire
 28999 | D:14     | Noticed Azrael
 29015 | D:14     | Killed Azrael
 29415 | D:14     | Reached skill level 10 in Evocations
 29686 | D:14     | Identified the +3 ring mail "Leihe" {Rampage +Inv}
 30004 | D:15     | Entered Level 15 of the Dungeon
 30453 | D:15     | Found a staircase to the Depths.
 30469 | D:15     | Reached skill level 1 in Air Magic
 31350 | D:15     | Found an ancient bone altar of Kikubaaqudgha.
 31584 | Orc:1    | Entered Level 1 of the Orcish Mines
 31584 | Orc:1    | Found Ilotipuv's Jewellery Boutique.
 31642 | Orc:1    | Bought the ring "Inaish" {Fly rC+ Int+3 Dex-4 Slay+3} for
                  | 504 gold pieces
 31707 | Orc:2    | Entered Level 2 of the Orcish Mines
 31971 | Orc:1    | Found a transporter.
 31971 | Orc:1    | Found a transporter.
 32211 | Orc:1    | Found Sinkisi's Magic Scroll Boutique.
 32251 | Orc:1    | Found Qaucs's Antique Armour Boutique.
 32253 | Orc:1    | Noticed an orc warlord
 32258 | Orc:1    | Found Puwir's Weapon Shop.
 32310 | Orc:1    | Found Dacvabba's Assorted Antiques.
 32420 | Orc:1    | Killed an orc warlord
 32421 | Orc:1    | Reached skill level 10 in Fighting
 32421 | Orc:1    | Reached XP level 16. HP: 18/150 MP: 22/33
 32422 | Orc:1    | Slain by an ettin

Illustrated notes

Levels and vault maps discovered:
D:1:      ncdulo_wetmaze, layout_basic, serial_shops,
          nicolae_shop_competitors_out_of_business, nicolae_shop_hallway_plus,
          dreamdust_wishing_well, chequers_decorated_corner,
          wad_floor_pattern_untrapped
D:2:      minmay_skewed_foursquare, layout_loops_ring,
          hellmonk_ecumenical_altar_lost_god, uniq_terence
D:3:      layout_basic, mainiacjoe_overflow_small_starburst
D:4:      layout_loops_ring, amcnicky_mini_pool_small, goddamned_bats,
          uniq_natasha
D:5:      layout_basic, overflow_temple_1_default, serial_shops, shop,
          nrook_uturn, hangedman_decor_peaks_small, minmay_ruined_shrine,
          uniq_grinder, uniq_pikel, uniq_ijyb
D:6:      layout_basic, nicolae_gozag_seed_capital,
          minmay_temple_entry_purple_smoke, serial_glass, glass_columns_b,
          glass_columns_a, minmay_strange_pillars, item_on_display_a,
          item_on_display_a, due_unseen_surprise, uniq_edmund
D:7:      layout_gridville, mainiacjoe_overflow_concentric_impassable,
          uniq_duvessa, uniq_joseph
D:8:      minmay_chambers_of_sixes, layout_layer_cave, serial_shops,
          nicolae_shop_hallway_plus
D:9:      minmay_diamond_stairs, layout_stronghold,
          nicolae_ru_great_annihilating_truth,
          gammafunk_temple_overflow_elements, minmay_lair_entry_grove
D:10:     layout_loops_ring, serial_shops, nicolae_shop_overgrown_old_shop,
          grunt_ministairs_4
D:11:     minmay_the_grid_triangle_9x9_recursive_3_mashed
          [minmay_the_grid_triangle_9x9_minimal,
          minmay_the_grid_triangle_9x9_alien,
          minmay_the_grid_triangle_9x9_zippers_horizontal,
          minmay_the_grid_triangle_9x9_prize_insulated,
          minmay_the_grid_triangle_9x9_skeleton,
          minmay_the_grid_triangle_9x9_warning,
          minmay_the_grid_triangle_9x9_tough_junction,
          minmay_the_grid_triangle_9x9_subtriangle,
          minmay_the_grid_triangle_9x9_swiss_cheese], layout_cross, david_orc_2,
          uniq_gastronok
D:12:     layout_roguey, led_sif_book
D:13:     layout_basic, david_vaults_4, nicolae_shop_vocational
D:14:     layout_loops_ring, minmay_misc_feat_x, uniq_azrael
D:15:     gammafunk_depths_entry_grave, layout_long_grid,
          kennysheep_vampire_church
Temple:   regret_index_temple_generic_petals
Lair:1:   layout_cellular_growth, portal_ice_cave_demonic_guard,
          patterned_corridor, lemuel_fruit_tree, grunt_megastairs_1,
          infiniplex_staircase_pool_2
Lair:2:   layout_roguey, elwin_shoals_entry_stream, worms_lemuel,
          grunt_megastairs_2, serial_bayou_shore_a, infiniplex_staircase_pool
Lair:3:   layout_chaotic_city, dummy_snake_entry, nicolae_lair_grazing_beasts
          [nicolae_sub_lair_graze_edge, nicolae_sub_lair_graze_edge,
          nicolae_sub_lair_graze_edge, nicolae_sub_lair_graze_edge], uniq_kirke,
          uniq_sonja
Lair:4:   layout_regular_city, grunt_megastairs_4
Lair:5:   wormcave, layout_loops_ring, guppyfry_lair_end_dragon, slime_entry_1,
          hellmonk_ghost_happy_afterlife, evilmike_ambush
          [evilmike_ambush_outer_pillars, evilmike_ambush_inner_basic]
Orc:1:    gammafunk_beogh_shrine, layout_caves, serial_shops,
          nicolae_shop_temple_entry_statues_fountains, shop,
          nicolae_shop_window_shopping, nicolae_shop_bloodbath_and_beyond, shop
Orc:2:    st_orc_rangers, layout_diamond_mine, minmay_orc_temple_a, uniq_maurice

Skill      XL: |  1  2  3  4  5  6  7  8  9 10 11 12 13 14 15 |
---------------+----------------------------------------------+-----
Ice Magic      | 5 6 |  6.0
Spellcasting   | 3 4 5 6 7 |  7.7
Ranged Weapons | 4 |  4.0
Fighting       | 5 8 10 | 10.2
Earth Magic    | 5 8 |  8.0
Necromancy     | 4 7 |  7.1
Long Blades    | 5 10 14 16 | 16.0
Evocations     | 2 12 | 12.7
Conjurations   | 7 9 10 | 10.3
Summonings     | 2 4 |  4.0
Hexes          | 3 5 |  5.7
Dodging        | 7 |  7.6
Air Magic      | 3 |  3.6
Stealth        | |  1.7

Action                   |  1- 3 |  4- 6 |  7- 9 | 10-12 | 13-15 | 16-18 || total
-------------------------+-------+-------+-------+-------+-------+-------++-------
Melee: Unarmed           |    13 |       |       |       |       |       ||    13
       Tailslap          |     3 |     1 |     1 |    44 |   170 |       ||   219
       Falchion          |     2 |    17 |     4 |    44 |       |       ||    67
       Double sword      |       |       |       |   201 |   943 |       ||  1144
       Punch             |       |       |       |     4 |    15 |       ||    19
 Fire: Sling             |       |   145 |   323 |   263 |       |       ||   731
 Cast: Freeze            |    59 |     9 |       |       |       |       ||    68
       Frozen Ramparts   |     1 |    24 |    50 |    78 |    27 |     1 ||   181
       Ozocubu's Armour  |       |     1 |    11 |    19 |     7 |     1 ||    39
       Borgnjor's Vile C |       |       |       |    41 |   107 |       ||   148
       Summon Mana Viper |       |       |       |       |     3 |       ||     3
Invok: Curse Item        |       |       |       |     7 |     1 |       ||     8
Evoke: Wand              |       |       |       |       |     2 |       ||     2
  Use: Scroll            |     8 |     7 |     4 |    16 |     5 |       ||    40
       Potion            |       |       |     1 |     3 |     3 |       ||     7
 Stab: Sleeping          |       |       |       |       |    17 |       ||    17
Armor: Skin              |    24 |    88 |   131 |   331 |   349 |       ||   923
Dodge: Dodged            |    45 |   196 |   280 |   550 |   628 |     1 ||  1700
Block: Other             |       |       |       |    24 |   185 |       ||   209
       Reflection        |       |       |       |       |    27 |       ||    27

Table legend: (Time is in decaauts)
 A = Elapsed time spent in this place.
 B = Non-inter-level travel time spent in this place.
 C = Inter-level travel time spent in this place.
 D = Time resting spent in this place.
 E = Time spent auto-exploring this place.
 F = Levels seen in this place.
 G = Mean time per level.
                   A        B        C        D        E       F      G
               +--------+--------+--------+--------+--------+-----+--------+
         Total |  32415 |  30878 |   1537 |  10006 |  11665 |  23 | 1409.3 |
       Dungeon |  22690 |  21514 |   1176 |   7168 |   8093 |  15 | 1512.7 |
        Temple |    285 |    255 |     30 |      0 |    159 |   1 |  285.0 |
          Lair |   8638 |   8319 |    319 |   2625 |   3219 |   5 | 1727.6 |
  Orcish Mines |    800 |    789 |     11 |    213 |    194 |   2 |  400.0 |
               +--------+--------+--------+--------+--------+-----+--------+

Top non-repeatable levels by time:
  Lair:5: 2271 daAuts
     D:8: 2148 daAuts
     D:9: 1859 daAuts
     D:1: 1785 daAuts
  Lair:1: 1758 daAuts
  Lair:2: 1730 daAuts
    D:11: 1686 daAuts
  Lair:4: 1640 daAuts
     D:6: 1618 daAuts
     D:5: 1617 daAuts
     D:7: 1580 daAuts
     D:2: 1527 daAuts
    D:14: 1494 daAuts
    D:13: 1471 daAuts
     D:4: 1380 daAuts
